 Dungeon Crawl Stone Soup version 0.32-a0-468-g38b2580584 (webtiles) character file.

Game seed: 13524062738378515951

5 Ruich the Ruffian (level 1, -3/19 HPs)
             Began as an Octopode Shapeshifter on Feb 24, 2024.
             Slain by a gnoll
             ... wielding a +0 spear
              (6 damage)
             ... on level 1 of the Dungeon.
             The game lasted 00:01:11 (123 turns).

Ruich the Ruffian (Octopode Shapeshifter)            Turns: 123, Time: 00:01:11

Health: -3/19      AC: 20    Str: 13    XL:     1   Next: 80%
Magic:  1/1        EV:  2    Int: 12    God:
Gold:   0          SH:  0    Dex: 11    Spells: 0/0 levels left

rFire   . .          .
                       - Unarmed
rCold   . . .        (no shield)
rNeg    . . .        (helmet currently unavailable)
rPois   +            (no amulet)
rElec   .            (no ring)
rCorr   .            (no ring)
SInv    .            (no ring)
Will    .....        (no ring)
Stlth   +            (no ring)
HPRegen 0.23/turn    (no ring)
MPRegen 0.07/turn    (no ring)
                     (no ring)

%: no passive effects
@: tree-form
A: stationary, stasis, torment immunity, boosted hp, almost no armour,
(amphibious), 8 rings, (camouflage 1), (gelatinous body 1), (nimble swimmer 1),
(tentacles)
a: no special abilities


You were on level 1 of the Dungeon.
You were a tree.
You visited 1 branch of the dungeon, and saw 1 of its levels.


Innate Abilities, Weirdness & Mutations

You are a tree.
Your roots penetrate the ground, keeping you stationary.
You cannot be teleported.
You are immune to unholy pain and torment.
Your maximum health is greatly increased.
You cannot wear most types of armour.
((You are amphibious.))
You can wear up to eight rings at the same time.
((Your skin changes colour to match your surroundings (Stealth+).))
((Your rubbery body absorbs attacks. (AC +1, EV +1)))
((You are camouflaged when in or above water. (Stealth+)))
((You have tentacles for arms and can constrict up to eight enemies at once.))


   Skills:
 - Level 1.0 Fighting
 - Level 2.0 Dodging
 + Level 0.7 Stealth
 * Level 3.2 Unarmed Combat
 + Level 3.0 Shapeshifting


You couldn't memorise any spells.
You didn't know any spells.
Your spell library contained the following spells:

 Spells                   Type           Power      Damage    Failure   Level
 Inner Flame              Hex/Fire       0%         N/A       69%         3
 Irradiate                Conj/Alch      0%         3d11      100%        5
 Ignition                 Fire           0%         3d3       100%        8

Inventory:

Talismans
 b - a beast talisman (active)
 c - a flux talisman

Dungeon Overview and Level Annotations

Branches:
Dungeon (1/15)

Altars:

Shops:
D:1

( .# #ß.ß.ß#.##
#.......# .# ####.##
# #.†...# .# #.#
#...# ## #.# ##'## #
#.# #.######.# # #.#
#........# #
#.#########
##.######...
#.........###...####
#########.♣†g......#
#####...##.... ##.##
##. #.# #.. ####


You could see a gnoll.


Message History

The bat misses you. The gnoll attacks as it pursues you!
The gnoll completely misses you. The bat barely misses you. The bat misses you.
The bat closely misses you. The bat attacks as it pursues you!
* * * LOW HITPOINT WARNING * * *
The gnoll attacks as it pursues you!
* * * LOW HITPOINT WARNING * * *
Things that are here:
a ball python corpse; a rat corpse Unknown command.
The bat barely misses you.
Your transformation has ended.
You turn into a tree.
Your roots penetrate the ground.
The gnoll barely misses you.
Unknown command.
You smack the bat!
You kill the bat!
You cannot move.
Unknown command.
Unknown command.
You cannot move.
Unknown command.
You cannot move.
The gnoll barely misses you.
* * * LOW HITPOINT WARNING * * *
The gnoll barely misses you.
* * * LOW HITPOINT WARNING * * *
A gnoll is nearby!
You die...

Action                     || total
---------------------------++-------
  Melee: Unarmed           ||    13
         Constrict         ||     4
         Punch             ||     1
         Tentacles         ||     1
    Use: Potion            ||     1
   Stab: Sleeping          ||     1
 Armour: Skin              ||    31
  Dodge: Dodged            ||    24

Levels and vault maps discovered:
D:1:      lordsloth_arrival_two_stooges, layout_loops_corners, serial_shops,
          nicolae_shop_temple_entry_statues_fountains,
          minmay_misc_feat_diagonals, minmay_statues_item

Notes
Turn   | Place    | Note
-------+----------+-------------------------------------------
     0 | D:1      | Ruich the Octopode Shapeshifter began the quest for the
                  | Orb.
     0 | D:1      | Reached XP level 1. HP: 13/13 MP: 1/1
    42 | D:1      | Found Vios's Weapon Shop.
   114 | D:1      | HP: 1/19 [gnoll/+0 spear (5)]
   123 | D:1      | Slain by a gnoll

Vanquished Creatures
  2 bats (D:1)
  A quokka (D:1)
  A ball python (D:1)
  2 rats (D:1)
6 creatures vanquished.

Table legend: (Time is in decaauts)
 A = Elapsed time spent in this place.
 B = Non-inter-level travel time spent in this place.
 C = Inter-level travel time spent in this place.
 D = Time resting spent in this place.
 E = Time spent auto-exploring this place.
 F = Levels seen in this place.
 G = Mean time per level.
                   A        B        C        D        E       F      G
               +--------+--------+--------+--------+--------+-----+--------+
         Total |    122 |    122 |      0 |      0 |     48 |   1 |  122.0 |
       Dungeon |    122 |    122 |      0 |      0 |     48 |   1 |  122.0 |
               +--------+--------+--------+--------+--------+-----+--------+

Top non-repeatable levels by time:
     D:1: 122 daAuts

Table legend:
 A = Non-vault XP
 B = Vault XP
 C = Vault XP percentage of total XP
 D = Non-vault monster count
 E = Vault monster count
 F = Vault count percentage of total count
                 A         B        C        D         E       F
            +---------+---------+-------+---------+---------+-------
      Total |       8 |       0 |   0.0 |       6 |       0 |   0.0
            +---------+---------+-------+---------+---------+-------
        D:1 |       8 |       0 |   0.0 |       6 |       0 |   0.0
            +---------+---------+-------+---------+---------+-------
